 Dungeon Crawl Stone Soup version 0.18-a0-998-gcb3fcb1 (webtiles) character file.

1215 coffecat the Ducker (level 8, -6/37 HPs)
             Began as a Spriggan Venom Mage on Jan 5, 2016.
             Was an Initiate of Pakellas.
             Mangled by an orc warrior
             ... wielding a cursed +0 glaive
              (23 damage)
             ... on level 7 of the Dungeon on Jan 6, 2016.
             The game lasted 00:45:21 (7937 turns).

coffecat the Ducker (Spriggan Venom Mage)           Turns: 7937, Time: 00:45:21

Health: -6/37      AC:  3    Str:  4    XL:     8   Next: 22%
Magic:  3/18       EV: 22    Int: 17    God:    Pakellas [......]
Gold:   104        SH:  0    Dex: 18    Spells: 5 memorised, 4 levels left

rFire  + . .     SeeInvis +     h - +1 short sword (elec)
rCold  . . .     Gourm    .     a - +0 robe
rNeg   . . .     Faith    .     (shield restricted)
rPois  .         Spirit   .     (helmet restricted)
rElec  .         Dismiss  .     y - +0 cloak
rCorr  +         Reflect  .     (gloves unavailable)
SustAt +         Harm     .     (boots unavailable)
MR     +....                    r - amulet of resist corrosion
Stlth  +++.......               l - ring of protection from fire
                                e - ring of sustain attributes

@: very quick, somewhat resistant to hostile enchantments, fairly stealthy
A: unfitting armour, see invisible, herbivore 3, speed 3, slow metabolism 2
a: Renounce Religion


You were on level 7 of the Dungeon.
You worshipped Pakellas.
Pakellas was noncommittal.
You were not hungry.

You visited 2 branches of the dungeon, and saw 8 of its levels.

You collected 265 gold pieces.
You spent 161 gold pieces at shops.

Inventory:

Hand Weapons
 h - a +1 short sword of electrocution (weapon)
Armour
 a - a +0 robe (worn)
 s - a +0 ice dragon armour
 v - a +0 pair of boots
 y - a +0 cloak (worn)
Jewellery
 e - a ring of sustain attributes (left hand)
 l - a ring of protection from fire (right hand)
 q - a cursed ring of teleportation {unknown}
 r - an amulet of resist corrosion (around neck)
Wands
 w - a wand of fireball (0/15)
 B - a wand of flame (0/48)
 D - a wand of draining (0/15)
 F - a wand of frost (1/48)
Scrolls
 i - a scroll of teleportation
 j - 6 scrolls of remove curse
 k - 7 scrolls of identify {unknown}
 m - a scroll of amnesia {unknown}
 t - a scroll of random uselessness {unknown}
 u - a scroll of blinking {unknown}
 x - a scroll of fog {unknown}
 z - 2 scrolls of enchant weapon {unknown}
 C - a scroll of recharging {unknown}
Potions
 f - 3 potions of haste {unknown}
 g - 3 potions of might {unknown}
 n - a potion of brilliance {unknown}
 p - a potion of agility {unknown}
 A - 2 potions of cure mutation {unknown}
 E - a potion of curing {unknown}
Books
 b - a Young Poisoner's Handbook

   Spells                             Type                      Level
   a - Sting                          Conjuration/Poison           1
   b - Cure Poison                    Poison                       2
   c - Mephitic Cloud                 Conjuration/Poison/Air       3
   d - Olgreb's Toxic Radiance        Poison                       4
   e - Venom Bolt                     Conjuration/Poison           5
Comestibles
 c - 2 bread rations
 d - a slice of pizza
 o - 3 fruits


   Skills:
 + Level 1.6 Fighting
 + Level 1.9 Short Blades
 + Level 0.6 Throwing
 + Level 0.1 Armour
 + Level 6.2 Dodging
 + Level 5.0 Stealth
 + Level 6.0 Spellcasting
 + Level 2.4 Conjurations
 + Level 0.1 Air Magic
 + Level 5.8 Poison Magic
 + Level 4.0 Evocations


You had 4 spell levels left.
You knew the following spells:

 Your Spells              Type           Power        Failure   Level  Hunger
a - Sting                 Conj/Pois      ###.         2%          1    None
b - Mephitic Cloud        Conj/Pois/Air  ##......     14%         3    ##.....
c - Olgreb's Toxic Radia  Pois           ####....     14%         4    ####...
d - Cure Poison           Pois           ####......   1%          2    None
e - Venom Bolt            Conj/Pois      ###.......   71%         5    #####..


Dungeon Overview and Level Annotations

Branches:
Dungeon (8/15)             Temple (1/1) D:7
   Lair: D:8-11

Altars:
Ashenzari
Cheibriados
Dithmenos
Elyvilon
Fedhas
Gozag
Kikubaaqudgha
Makhleb
Nemelex Xobeh
Pakellas
Qazlal
Ru
Sif Muna
Trog
Xom
Zin
The Shining One

Shops:
D:6 }


Innate Abilities, Weirdness & Mutations

You are tiny and cannot use many weapons and most armour.
You have supernaturally acute eyesight.
You are a herbivore.
You cover ground extremely quickly.
You need consume almost no food.


Message History

You feel your power returning.
Your Evocations skill increases to level 4!
This wand has 0 charges left.
You start resting.
HP restored.
Okay, then.
There is a stone staircase leading down here.
You climb downwards.
You hear the roar of battle.
There is an entrance to a bailey on this level.
Hurry and find it before the portal closes forever!
You hear the loud creaking of a very distant portcullis.
The orc warrior closely misses you.
There is a stone staircase leading up, spattered with blood here.
The orc warrior hits you with a glaive!!
Ouch! That really hurt!
You climb upwards.
There is a stone staircase leading down here.
The orc warrior hits you from afar with a glaive!!
Ouch! That really hurt!
You die...

## ##.........# #...
#.# ###..........#
#... ##.#
##..........<.# #...
#...###.............#
#...
#...#..[..........[#
#...
#....)...[.......#
#..
#.(#.............###
##.
##.###..............#
#.. #..#
###....@.....#..#
.o..y. ##..#
##....>o...##......##
#..## ###......##
#..## #...####
###....# #..#
#......### ###### .#.
##....(...## .
#..........###
##...........##
#............##


You could see an orc warrior.

Vanquished Creatures
  A hippogriff (D:6)
  A centaur (D:8)
  5 killer bees
  3 wights (D:7)
  A centaur zombie (D:7)
  A centaur skeleton (D:7)
  An orc priest (D:7)
  5 hounds
  4 orc wizards (D:7)
  4 worker ants
  3 gnolls (D:7)
  12 adders
  2 worms
  5 giant geckos
  12 orcs
  3 giant cockroaches
  12 goblins
  5 hobgoblins
  2 jackals (D:6)
  5 kobolds
  7 quokkas
  A ball python (D:2)
  6 bats
  9 giant newts
  A quokka zombie (D:7)
  5 rats
116 creatures vanquished.

Notes
Turn   | Place    | Note
--------------------------------------------------------------
     0 | D:1      | coffecat the Spriggan Venom Mage began the quest for the Orb.
     0 | D:1      | Reached XP level 1. HP: 9/9 MP: 5/5
   424 | D:1      | Reached XP level 2. HP: 13/13 MP: 2/6
  1010 | D:2      | Reached XP level 3. HP: 12/16 MP: 4/8
  1723 | D:2      | Reached XP level 4. HP: 17/21 MP: 5/10
  2060 | D:2      | Reached skill level 1 in Short Blades
  2617 | D:2      | You fall through a shaft for 2 floors!
  2643 | D:4      | Reached XP level 5. HP: 20/25 MP: 9/11
  2720 | D:4      | Reached skill level 5 in Poison Magic
  2864 | D:4      | Reached skill level 1 in Conjurations
  3376 | D:4      | Learned a level 3 spell: Mephitic Cloud
  3381 | D:4      | Learned a level 4 spell: Olgreb's Toxic Radiance
  3520 | D:4      | Found an ancient bone altar of Kikubaaqudgha.
  3560 | D:5      | Entered Level 5 of the Dungeon
  3914 | D:5      | Reached skill level 1 in Fighting
  3914 | D:5      | Reached XP level 6. HP: 30/30 MP: 10/13
  4731 | D:6      | Found Boaceo's Gadget Shop.
  4736 | D:6      | Bought a wand of flame (21/48) for 161 gold pieces
  4755 | D:6      | Noticed a hippogriff
  4830 | D:6      | Killed a hippogriff
  4830 | D:6      | Reached skill level 5 in Spellcasting
  5042 | D:7      | Reached XP level 7. HP: 22/33 MP: 13/16
  5151 | D:7      | Found a staircase to the Ecumenical Temple.
  5188 | D:7      | Reached skill level 5 in Dodging
  5201 | Temple   | Entered the Ecumenical Temple
  5242 | Temple   | Became a worshipper of Pakellas the Inventive
  5581 | Temple   | Learned a level 2 spell: Cure Poison
  5590 | Temple   | Learned a level 5 spell: Venom Bolt
  7022 | D:7      | Reached skill level 1 in Evocations
  7295 | D:7      | Reached skill level 6 in Dodging
  7301 | D:7      | Reached * piety under Pakellas
  7526 | D:8      | Reached XP level 8. HP: 31/37 MP: 6/17
  7760 | D:7      | Reached skill level 5 in Stealth
  7937 | D:7      | Mangled by an orc warrior

Vault maps used:
D:1:      eino_arrival_cavern_e
D:2:      corexii_hall_statues_deadend, guppyfry_early_orc_mine
D:4:      lemuel_crystal_altar
D:5:      yredelemnul_altar_generic, first_bread
D:6:      serial_glass, glass_columns_c, glass_columns_b, glass_columns_a,
          glass_columns_b, due_unseen_surprise, minmay_strange_pillars,
          feat_on_display, serial_shops, nicolae_shop_statue_plus,
          nicolae_shop_behind_doors, nicolae_shop_statue_plus,
          nicolae_shop_crystal, nicolae_shop_temple_entry_statues_fountains,
          feat_on_display
D:7:      minmay_temple_entry_glassed_door, grunt_ogre_cave
D:8:      okawaru_metal_pillars_3, erik_lair_dragon, enter_bailey_2
Temple:   nicolae_temple_elliptical

Action                   |  1- 3 |  4- 6 |  7- 9 || total
-------------------------+-------+-------+-------++-------
Melee: Short sword       |    51 |    76 |    38 ||   165
       Unarmed           |     4 |       |       ||     4
Throw: Throwing net      |       |       |     1 ||     1
 Cast: Sting             |    45 |    84 |    15 ||   144
       Mephitic Cloud    |       |     2 |     4 ||     6
       Olgreb's Toxic Ra |       |       |     1 ||     1
       Cure Poison       |       |       |     1 ||     1
Invok: Quick Charge      |       |       |     3 ||     3
Evoke: Wand              |       |     2 |    46 ||    48
  Use: Scroll            |       |       |     2 ||     2
 Stab: Sleeping          |       |       |     1 ||     1
  Eat: Fruit             |       |     2 |       ||     2
       Bread ration      |       |       |     1 ||     1
